 Dungeon Crawl Stone Soup version 0.25.0-37-gb73750e0fb (webtiles) character file.

Game seed: 15364759340350915619

56 Descartes the Sneak (level 3, -6/14 HPs)
             Began as a Felid Wanderer on July 8, 2020.
             Mangled by a worm (11 damage)
             ... on level 2 of the Dungeon.
             The game lasted 00:05:27 (2587 turns).

Descartes the Sneak (Felid Wanderer)                Turns: 2587, Time: 00:05:27

Health: -6/14      AC:  1    Str: 10    XL:     3   Next: 71%
Magic:  7/7        EV: 15    Int: 13    God:
Gold:   40         SH:  0    Dex: 14    Spells: 6/6 levels left
                                        Lives:  0   Deaths: 0

rFire    . . .     SeeInvis +     - Unarmed
rCold    . . .     Gourm    .   (shield unavailable)
rNeg     . . .     Faith    .   (armour unavailable)
rPois    .         Spirit   .   (helmet unavailable)
rElec    .         Reflect  .   (cloak unavailable)
rCorr    .         Harm     .   (gloves unavailable)
MR       .....                  (boots unavailable)
Stlth    +++.......             (no amulet)
HPRegen  0.04/turn              (no ring)
MPRegen  0.10/turn              (no ring)

@: quick
A: very small, no armour, no weapons or thrown items, stealth, claws 1, fangs 3,
see invisible, carnivore, speed 1, shaggy fur 1, slow metabolism 1, sharp paws
a: no special abilities


You were on level 2 of the Dungeon.
You were completely stuffed.

You visited 1 branch of the dungeon, and saw 2 of its levels.

You collected 40 gold pieces.

Inventory:

Missiles
 h - 20 arrows
 i - 61 stones
Scrolls
 a - 2 scrolls of blinking
 d - 2 scrolls of identify {unknown}
 g - 2 scrolls of remove curse {unknown}
 k - a scroll of teleportation {unknown}
Potions
 b - a potion of curing
 e - a potion of stabbing {unknown}
 f - a potion of mutation {unknown}
 j - a potion of flight {unknown}
Comestibles
 c - a ration


   Skills:
 * Level 5.1 Stealth
 + Level 1.7 Unarmed Combat
 - Level 2.0 Spellcasting
   Level 3.6 Charms
   Level 4.4 Translocations


You had 6 spell levels left.
You didn't know any spells.
Your spell library was empty.

Dungeon Overview and Level Annotations

Branches:
Dungeon (2/15)

Altars:


Innate Abilities, Weirdness & Mutations

You cannot wear armour.
You are incapable of wielding weapons or throwing items.
Your paws allow you to move quietly. (Stealth)
You have sharp claws.
You have razor-sharp teeth.
You have supernaturally acute eyesight. (SInv)
You are carnivorous and can eat meat at any time.
You cover ground quickly.
You are covered in fur. (AC +1)
You have a slow metabolism.
Your sharp claws are effective at attacking unaware monsters.


Message History

l - a chunk of flesh You see here an adder skeleton. x2
Done exploring.
Done exploring.
Eating a chunk of flesh.
You eat the chunk of flesh.
This raw flesh tastes great.
There is a stone staircase leading down, spattered with blood here.
You climb downwards.
There is a stone staircase leading up here.
The worm is too close now for your liking.
You barely miss the worm. The worm bites you!
Ouch! That really hurt!
You are too injured to fight recklessly!
You scratch the worm.
The worm is lightly wounded.
You completely miss the worm.
The worm is lightly wounded.
The worm bites you!
Ouch! That really hurt!
You die...

#######..#._.#.<#
#...#w#...#
#....#....#
##........#
###...####
#####..#####
#...?........
#.######.###.#######
#.....w@.....#
########.##### #.#
############.#
.......<.....#
##############


You could see a worm.

Vanquished Creatures
  An adder (D:1)
  2 oozes (D:2)
  2 dart slugs (D:1)
  2 leopard geckos (D:1)
  6 bats (D:1)
  2 giant cockroaches (D:1)
  4 goblins (D:1)
  A hobgoblin (D:1)
  4 kobolds (D:1)
  5 frilled lizards (D:1)
  5 rats (D:1)
34 creatures vanquished.

Notes
Turn   | Place    | Note
-------+----------+-------------------------------------------
     0 | D:1      | Descartes the Felid Wanderer began the quest for the Orb.
     0 | D:1      | Descartes set off with the following items: a scroll of
                  | blinking, a potion of curing, a ration
     0 | D:1      | Reached XP level 1. HP: 7/7 MP: 4/4
   266 | D:1      | Reached skill level 3 in Stealth
   339 | D:1      | Reached XP level 2. HP: 11/11 MP: 6/6
   738 | D:1      | Reached skill level 1 in Unarmed Combat
   842 | D:1      | Reached skill level 4 in Stealth
  1437 | D:1      | Reached XP level 3. HP: 12/14 MP: 7/7
  2138 | D:2      | Found a faded altar of an unknown god.
  2329 | D:1      | Reached skill level 5 in Stealth
  2587 | D:2      | Mangled by a worm

Illustrated notes

Levels and vault maps discovered:
D:1:      ebering_trefoil_3fold, layout_basic, minmay_domino_2
D:2:      layout_loops_ring, lemuel_doored_altar, lemuel_round_altar,
          chequers_ecumenical_altar_simple_redux

Skill      XL: |  1  2  3 |
---------------+----------+-----
Stealth        | 3 4 5 |  5.1
Unarmed Combat | 1 |  1.7
Spellcasting   | |  2.0
Charms         | |  3.6
Translocations | |  4.4

Action                   || total
-------------------------++-------
Melee: Unarmed           ||   116
       Bite              ||     9
 Stab: Sleeping          ||     7
       Distracted        ||     1
  Eat: Chunk             ||    11
Armor: Skin              ||     8
Dodge: Dodged            ||    91
